 Dungeon Crawl Stone Soup version 0.31-a0-321-g19405a7a6a (webtiles) character file.

Game seed: 5284998571768155715

268 LustLizard the Ruffian (level 6, -5/43 HPs)
             Began as an Octopode Shapeshifter on July 18, 2023.
             Slain by Grinder (11 damage)
             ... on level 3 of the Dungeon.
             The game lasted 00:06:35 (3316 turns).

LustLizard the Ruffian (Octopode Shapeshifter)      Turns: 3316, Time: 00:06:36

Health: -5/43      AC:  1    Str: 17    XL:     6   Next: 21%
Magic:  6/6        EV: 13    Int: 10    God:
Gold:   280        SH:  0    Dex: 12    Spells: 5/5 levels left

rFire   . .          .
                       - Unarmed
rCold   . . .        (no shield)
rNeg    . . .        (helmet currently unavailable)
rPois   .            (no amulet)
rElec   .            f - ring of flight
rCorr   .            o - +4 ring of slaying
SInv    .            s - ring of wizardry
Will    .....        (no ring)
Stlth   ++           (no ring)
HPRegen 0.27/turn    (no ring)
MPRegen 0.10/turn    (no ring)
                     (no ring)

%: wizardry (x1)
@: beast-form, flying
A: beast (slay +2), almost no armour, amphibious, 8 rings, camouflage 1,
gelatinous body 1, (nimble swimmer 1), tentacles
a: Begin Untransformation


You were on level 3 of the Dungeon.
You were a hulking beast.
You visited 1 branch of the dungeon, and saw 6 of its levels.

You collected 280 gold pieces.

Inventory:

Missiles
 i - 5 poisoned darts
Jewellery
 f - a ring of flight (left tentacle)
 o - a +4 ring of slaying (right tentacle)
 s - a ring of wizardry (on tentacle)
Talismans
 b - a beast talisman
 t - a serpent talisman
Wands
 k - a wand of flame (57)
 r - a wand of mindburst (10)
Scrolls
 c - a scroll of torment
 g - a scroll of enchant armour
 h - 6 scrolls of identify {unknown}
 l - a scroll of vulnerability {unknown}
 m - a scroll of poison {unknown}
 q - a scroll of enchant weapon {unknown}
Potions
 a - 2 potions of lignification
 d - 2 potions of invisibility {unknown}
 e - 3 potions of haste {unknown}
 j - a potion of attraction {unknown}
 n - a potion of ambrosia {unknown}
 p - 2 potions of curing {unknown}
 u - a potion of cancellation {unknown}


   Skills:
 + Level 3.9 Fighting
 - Level 2.0 Dodging
 * Level 5.2 Unarmed Combat
 + Level 3.0 Shapeshifting


You had 5 spell levels left.
You didn't know any spells.
Your spell library contained the following spells:

 Spells                   Type           Power      Damage    Failure   Level
 Passwall                 Tmut/Erth      0%         N/A       22%         2
 Manifold Assault         Tloc           0%         N/A       80%         4
 Alistair's Intoxication  Tmut/Pois      0%         N/A       98%         5
 Yara's Violent Unravell  Hex/Tmut       0%         3d3       98%         5
 Dispersal                Tloc           0%         N/A       100%        6
 Disjunction              Tloc           0%         N/A       100%        8
 Animate Armour           Summ/Erth      Unusable   N/A       N/A         4

Dungeon Overview and Level Annotations

Branches:
Dungeon (6/15)
 Temple: D:4-7

Altars:
Sif Muna

Annotations:
D:2 1 runed translucent door, Crazy Yiuf, Sigmund
D:3 Grinder
D:4 Dowan, Duvessa


Innate Abilities, Weirdness & Mutations

You are a hulking beast.
Your limbs bulge with bestial killing power. (Slay +2)
You cannot wear most types of armour.
You are amphibious.
You can wear up to eight rings at the same time.
Your skin changes colour to match your surroundings (Stealth+).
Your rubbery body absorbs attacks. (AC +1, EV +1)
((You are camouflaged when in or above water. (Stealth+)))
You have tentacles for arms and can constrict up to eight enemies at once.


Message History

You suddenly lose the ability to move!
Grinder hits you.
You writhe in agony.
Grinder hits you but does no damage.
Grinder says, "Wait up."
Grinder gestures at you.
You shrug off the repeated paralysis!
Grinder hits you.
You can move again.
You barely miss Grinder. You grab Grinder. You squeeze Grinder.
Grinder is moderately wounded.
You constrict Grinder.
Grinder blinks free!
You tentacle-slap Grinder but do no damage.
You grab Grinder.
Grinder is moderately wounded.
You constrict Grinder. Grinder gestures at you.
You suddenly lose the ability to move!
You lose your grip on Grinder.
Grinder hits you. Grinder gestures at you. Pain shoots through your body!
* * * LOW HITPOINT WARNING * * *
You can move again.
Unknown command.
You bludgeon Grinder! Your grab misses Grinder.
Grinder is severely wounded.
You barely miss Grinder. Your grab misses Grinder.
Grinder is severely wounded.
Grinder closely misses you.
You tentacle-slap Grinder. You grab Grinder. You squeeze Grinder.
Grinder is almost dead.
You constrict Grinder. Grinder gestures at you.
You resist with significant effort.
You barely miss Grinder.
Grinder is almost dead.
You constrict Grinder. Grinder barely misses you.
You tentacle-slap Grinder but do no damage.
Grinder is almost dead.
You constrict Grinder. Grinder hits you!
You die...

#########
........#
#######.# #####
###.### ##...##
#.....# ##.5...##
#.###.####..h....#
## #.#
#.<..........# .#
#.###.####.......#
.# #.....#
##.[...## .#
####### ##...## .#
##.## .# #.# .#
#.# .# #.#


You could see Grinder.

Vanquished Creatures
  Jessica (D:3)
  Natasha (thrice) (D:2)
  Terence (D:3)
  A gnoll (D:2)
  5 adders
  An ufetubus (D:5)
  A worm (D:2)
  6 dart slugs
  2 orcs (D:5)
  5 endoplasms
  3 giant cockroaches
  11 goblins
  3 hobgoblins
  6 jackals
  5 kobolds
  2 quokkas
  6 ball pythons
  5 bats
  A frilled lizard (D:1)
  2 rats
70 creatures vanquished.

Notes
Turn   | Place    | Note
-------+----------+-------------------------------------------
     0 | D:1      | LustLizard the Octopode Shapeshifter began the quest for
                  | the Orb.
     0 | D:1      | Reached XP level 1. HP: 14/14 MP: 1/1
    32 | D:1      | Reached XP level 2. HP: 17/19 MP: 2/2
   336 | D:1      | Reached skill level 3 in Unarmed Combat
   336 | D:1      | Reached XP level 3. HP: 25/25 MP: 3/3
   811 | D:2      | Noticed Sigmund
  1068 | D:2      | Noticed Natasha
  1077 | D:2      | Killed Natasha
  1078 | D:2      | Reached XP level 4. HP: 7/31 MP: 4/4
  1230 | D:2      | Reached skill level 4 in Unarmed Combat
  1235 | D:2      | Noticed Natasha
  1241 | D:2      | Killed Natasha
  1242 | D:2      | Reached XP level 5. HP: 15/36 MP: 5/5
  1426 | D:2      | Got the Textbook on the Helpful Switch
  1575 | D:2      | Noticed Natasha
  1587 | D:2      | Killed Natasha
  1725 | D:2      | Found a runed translucent door.
  1726 | D:2      | Noticed Crazy Yiuf
  2388 | D:3      | Noticed Jessica
  2391 | D:3      | Killed Jessica
  2622 | D:3      | Found a shimmering blue altar of Sif Muna.
  2634 | D:3      | Reached skill level 5 in Unarmed Combat
  2634 | D:3      | Reached XP level 6. HP: 43/43 MP: 6/6
  2835 | D:3      | You are sucked into a shaft and drop 3 floors!
  2844 | D:5      | Entered Level 5 of the Dungeon
  3087 | D:4      | Noticed Duvessa
  3088 | D:4      | Noticed Dowan
  3174 | D:3      | Noticed Terence
  3179 | D:3      | Killed Terence
  3294 | D:3      | Noticed Grinder
  3302 | D:3      | Paralysed by Grinder for 4 turns
  3309 | D:3      | Paralysed by Grinder for 2 turns
  3316 | D:3      | Slain by Grinder

Illustrated notes

Levels and vault maps discovered:
D:1:      ebering_trefoil_twist, layout_loops_ring
D:2:      layout_loops_ring, chequers_jeans, cheibrodos_gnoll_hut,
          uniq_crazy_yiuf_cottage, uniq_sigmund, uniq_natasha
D:3:      layout_loops_ring, nicolae_sif_muna_condensation, uniq_jessica,
          uniq_grinder, uniq_terence
D:4:      layout_rooms, fedhas_altar_fruit_tree, kennysheep_minor_cross,
          uniq_duvessa, uniq_blork_the_orc, uniq_menkaure
D:5:      layout_cave_pools, tso_altar, serial_bayou_pond_c, grunt_ministairs_4,
          uniq_prince_ribbit1
D:6:      layout_basic, nemelex_diamond_rough_becter, minmay_temple_entry_waves,
          gammafunk_ghost_icy, minmay_holes

Skill      XL: |  1  2  3  4  5 |
---------------+----------------+-----
Unarmed Combat | 3 4 5 |  5.2
Fighting       | 3 |  3.9
Dodging        | |  2.0
Shapeshifting  | |  3.0

Action                     |  1- 3 |  4- 6 || total
---------------------------+-------+-------++-------
  Melee: Unarmed           |    63 |    77 ||   140
         Tentacles         |    10 |    15 ||    25
         Constrict         |    15 |    22 ||    37
         Punch             |       |     3 ||     3
    Use: Scroll            |     2 |       ||     2
   Stab: Sleeping          |     3 |     5 ||     8
         Distracted        |       |     1 ||     1
 Armour: Skin              |    10 |     5 ||    15
  Dodge: Dodged            |    40 |    34 ||    74

Table legend: (Time is in decaauts)
 A = Elapsed time spent in this place.
 B = Non-inter-level travel time spent in this place.
 C = Inter-level travel time spent in this place.
 D = Time resting spent in this place.
 E = Time spent auto-exploring this place.
 F = Levels seen in this place.
 G = Mean time per level.
                   A        B        C        D        E       F      G
               +--------+--------+--------+--------+--------+-----+--------+
         Total |   3305 |   3247 |     58 |    284 |   2295 |   6 |  550.8 |
       Dungeon |   3305 |   3247 |     58 |    284 |   2295 |   6 |  550.8 |
               +--------+--------+--------+--------+--------+-----+--------+

Top non-repeatable levels by time:
     D:2: 1510 daAuts
     D:1: 802 daAuts
     D:3: 730 daAuts
     D:5: 233 daAuts
     D:4: 19 daAuts
     D:6: 8 daAuts
